 Dungeon Crawl Stone Soup version 0.26.0-15-gc6cd9f700b (webtiles) character file.

Game seed: 7178786450246922142

1663 TreeFish the Sneak (level 9, -9/65 HPs)
             Began as a Human Enchanter on Jan 16, 2021.
             Was a Follower of Dithmenos.
             Mangled by a wyvern (17 damage)
             ... on level 8 of the Dungeon on Jan 17, 2021.
             The game lasted 00:31:32 (10901 turns).

TreeFish the Sneak (Human Enchanter)               Turns: 10901, Time: 00:31:32

Health: -9/65      AC:  7    Str: 10    XL:     9   Next: 20%
Magic:  15/15      EV: 14    Int: 26    God:    Dithmenos [*.....]
Gold:   413        SH:  0    Dex: 14    Spells: 5/16 levels left

rFire    . . .     SeeInvis .   u - +6 mace "Cimiewn" {venom, rPois Int+9}
rCold    . . .     Faith    .   (no shield)
rNeg     . . .     Spirit   .   i - +0 leather armour
rPois    +         Reflect  .   (no helmet)
rElec    .         Harm     .   A - +0 cloak
rCorr    .         Rampage  .   m - +2 pair of gloves
Will     .....                  (no boots)
Stlth    +++.......             (no amulet)
HPRegen  0.20/turn              (no ring)
MPRegen  0.14/turn              (no ring)

@: mighty, wreathed by umbra
A: no striking features
a: Renounce Religion


You were on level 8 of the Dungeon.
You worshipped Dithmenos.
Dithmenos was aware of your devotion.
You visited 2 branches of the dungeon, and saw 9 of its levels.
You also visited: Sewer.

You collected 413 gold pieces.

Inventory:

Hand Weapons
 a - a +1 dagger
 h - a +0 dagger of pain
 u - the +6 mace "Cimiewn" (weapon) {venom, rPois Int+9}
   (You found it on level 4 of the Dungeon)

   It poisons the flesh of those it strikes.
   It affects your intelligence (+9).
   It protects you from poison.
 y - the +9 hunting sling of the Tooth {freeze, rF+++ Str-5 Dex+4}
   (You found it in a sewer)

   It causes projectiles fired from it to freeze those they strike, causing
   extra injury to most foes and up to half again as much damage against
   particularly susceptible opponents.
   They can also slow down cold-blooded creatures.
   It affects your strength (-5).
   It affects your dexterity (+4).
   It renders you almost immune to fire.
 I - a +1 dagger of electrocution
Missiles
 k - 373 stones
 r - 24 poisoned darts (quivered)
Armour
 i - a +0 leather armour (worn)
 j - a +0 tower shield
 m - a +2 pair of gloves (worn)
 A - a +0 cloak (worn)
Jewellery
 n - an uncursed ring of protection from fire
 G - an uncursed amulet of faith
Wands
 t - a wand of acid (8)
 F - a wand of flame (15)
 J - a wand of digging (7)
Scrolls
 b - 2 scrolls of fog
 c - 2 scrolls of immolation
 d - a scroll of enchant weapon {unknown}
 e - 2 scrolls of enchant armour
 g - 4 scrolls of remove curse
 q - a scroll of amnesia {unknown}
 x - a scroll of fear {unknown}
 z - a scroll of random uselessness
 C - 3 scrolls of identify
Potions
 f - 2 potions of might
 l - 3 potions of curing {unknown}
 p - 3 potions of brilliance {unknown}
 s - 2 potions of lignification {unknown}
 v - 2 potions of flight {unknown}
 w - 4 potions of heal wounds {unknown}
 B - a potion of mutation {unknown}
 D - a potion of invisibility {unknown}
 E - 2 potions of cancellation {unknown}
 H - 2 potions of attraction {unknown}


   Skills:
 + Level 3.6 Fighting
 + Level 4.0 Short Blades
 + Level 1.6 Armour
 + Level 4.5 Dodging
 + Level 5.4 Stealth
 + Level 3.5 Shields
 + Level 4.3 Spellcasting
 + Level 5.1 Hexes


You had 5 spell levels left.
You knew the following spells:

 Your Spells              Type           Power        Failure   Level
a - Corona                Hex            35%          1%          1
c - Confusing Touch       Hex            32%          3%          3
l - Slow                  Hex            32%          1%          2
s - Ensorcelled Hibernat  Hex/Ice        38%          5%          2
t - Tukima's Dance        Hex            32%          3%          3

Your spell library contained the following spells:

 Spells                   Type           Power        Failure   Level
 Beastly Appendage        Tmut           10%          11%         1
 Magic Dart               Conj           20%          11%         1
 Dazzling Flash           Conj/Hex       38%          11%         3
 Blink                    Tloc           N/A          16%         2
 Call Imp                 Summ           5%           16%         2
 Wereblood                Tmut           5%           16%         2
 Conjure Flame            Conj/Fire      5%           32%         3
 Mephitic Cloud           Conj/Pois/Air  5%           32%         3
 Spider Form              Tmut/Pois      2%           32%         3
 Ice Form                 Ice/Tmut       5%           71%         4
 Blade Hands              Tmut           2%           96%         5


Dungeon Overview and Level Annotations

Branches:
Dungeon (8/15)             Temple (1/1) D:4           Sewer (visited)
   Lair: D:8-11

Altars:
Ashenzari
Cheibriados
Dithmenos
Elyvilon
Fedhas
Gozag
Hepliaklqana
Kikubaaqudgha
Makhleb
Nemelex Xobeh
Okawaru
Qazlal
Ru
Sif Muna
Trog
Uskayaw
Vehumet
Wu Jian
Xom
Yredelemnul
Zin
The Shining One

Shops:
D:3 *   D:5 }


Message History

A wyvern is nearby!
A sky beast comes into view.
The sky beast moves out of view.
Okay, then.
Okay, then.
A hound comes into view.
You feel very mighty all of a sudden.
You thump the sky beast!
The sky beast is poisoned.
The sky beast is heavily wounded.
The sky beast hits you but does no damage.
You sock the sky beast!
The sky beast looks as sick as possible!
The sky beast is almost dead.
You kill the sky beast!
Dithmenos accepts your kill. The wyvern closely misses you.
You completely miss the wyvern.
The wyvern is almost dead.
The wyvern bites you!
You die...

## .. .. #.## .
#..# #. #l#
.####.###.######.#
...............o..
.#####Y##.#######
#..#..l.#
##..###@# ##.#
#..# #.. ##.# ###.
.# #. .. ....h
#... ....


You could see a wyvern and a hound (asleep).

Vanquished Creatures
  Menkaure (D:6)
  An orc warrior (D:3)
  2 sky beasts
  A boggart (shapeshifter) (D:7)
  A phantom (D:6)
  2 ogres
  A big kobold (Sewer)
  A bullfrog (D:6)
  A scorpion (D:5)
  3 killer bees (D:7)
  2 bullfrog zombies
  3 hounds
  4 orc wizards
  Terence (D:2)
  A bullfrog skeleton (D:5)
  An iguana (D:7)
  A worker ant (D:4)
  A killer bee zombie (D:5)
  6 adders
  2 white imps
  3 oozes
  4 worms (D:2)
  4 dart slugs
  4 leopard geckos
  18 orcs
  2 ball pythons (Sewer)
  A giant cockroach (shapeshifter) (D:7)
  12 giant cockroaches
  7 goblins
  10 hobgoblins
  5 jackals
  20 kobolds
  3 quokkas
  A ball python skeleton (D:5)
  9 bats
  4 frilled lizards
  A giant cockroach zombie (D:5)
  A jackal zombie (D:6)
  2 quokka skeletons (D:5)
  4 rats
151 creatures vanquished.

Vanquished Creatures (others)
  A dancing weapon (D:3)
  A plant (Sewer)
2 creatures vanquished.

Grand Total: 153 creatures vanquished

Notes
Turn   | Place    | Note
-------+----------+-------------------------------------------
     0 | D:1      | TreeFish the Human Enchanter began the quest for the Orb.
     0 | D:1      | Reached XP level 1. HP: 13/13 MP: 3/3
   356 | D:1      | Reached XP level 2. HP: 19/19 MP: 5/5
   359 | D:1      | Learned a level 2 spell: Ensorcelled Hibernation
   950 | D:1      | Reached XP level 3. HP: 23/24 MP: 6/6
  2046 | D:2      | Noticed Terence
  2284 | D:2      | Reached XP level 4. HP: 18/30 MP: 7/7
  3263 | D:2      | Found a sacrificial altar of Ru.
  3536 | D:2      | Killed Terence
  3537 | D:2      | Reached XP level 5. HP: 27/36 MP: 5/8
  3862 | D:3      | Found Gozag's Platinum Reserve.
  3862 | D:3      | Found an opulent altar of Gozag.
  3912 | D:3      | Learned a level 2 spell: Slow
  4069 | D:3      | Noticed an orc warrior
  4083 | D:3      | Reached skill level 1 in Shields
  4140 | D:3      | Reached skill level 1 in Fighting
  4654 | D:3      | Killed an orc warrior
  4655 | D:3      | Reached XP level 6. HP: 13/43 MP: 0/10
  5385 | D:3      | Learned a level 3 spell: Tukima's Dance
  6485 | D:4      | Noticed an ogre
  6493 | D:4      | Killed an ogre
  6494 | D:4      | Reached XP level 7. HP: 39/49 MP: 2/11
  6598 | D:4      | Got an ichor-stained mace
  6599 | D:4      | Identified the +6 mace "Cimiewn" {venom, rPois Int+9} (You
                  | found it on level 4 of the Dungeon)
  6730 | D:4      | Found a glowing drain.
  6765 | Sewer    | Entered a sewer
  6882 | Sewer    | Learned a level 3 spell: Confusing Touch
  7173 | Sewer    | Got a masterwork hunting sling
  7174 | Sewer    | Identified the +9 hunting sling of the Tooth {freeze, rF+++
                  | Str-5 Dex+4} (You found it in a sewer)
  7248 | D:4      | Found a staircase to the Ecumenical Temple.
  7601 | Temple   | Entered the Ecumenical Temple
  7728 | Temple   | Upgraded the game from 0.26.0-11-g8f856b5395 to
                  | 0.26.0-15-gc6cd9f700b
  7733 | Temple   | Became a worshipper of Dithmenos the Shadowed
  7787 | D:5      | Entered Level 5 of the Dungeon
  8183 | D:5      | Found a sacrificial altar of Ru.
  8363 | D:5      | Found Hymut's Gadget Shop.
  8807 | D:6      | Reached XP level 8. HP: 54/57 MP: 13/13
  9346 | D:6      | Noticed Menkaure
  9359 | D:6      | Killed Menkaure
  9786 | D:7      | Found a shimmering altar of Xom.
  9787 | D:7      | Found a shimmering altar of Xom.
  9788 | D:7      | Found a shimmering altar of Xom.
  9788 | D:7      | Found a shimmering altar of Xom.
  9790 | D:7      | Reached skill level 5 in Stealth
  9793 | D:7      | Found a shimmering altar of Xom.
 10255 | D:7      | Reached * piety under Dithmenos
 10262 | D:7      | Reached skill level 1 in Armour
 10262 | D:7      | Reached skill level 5 in Hexes
 10262 | D:7      | Reached XP level 9. HP: 59/64 MP: 13/15
 10869 | D:8      | HP: 1/64 [wyvern (10)]
 10901 | D:8      | Mangled by a wyvern

Illustrated notes

Levels and vault maps discovered:
D:1:      kennysheep_arrival_seaside, layout_loops_cross, minmay_small_reverse_x
D:2:      layout_loops_ring, lemuel_coloured_pillars_altar, uniq_terence
D:3:      layout_basic, nicolae_gozag_zags_fifth_avenue
D:4:      layout_rooms, minmay_temple_entry_junction, gup_sewer_entry_glass,
          nicolae_ossuary_entry_false_entrances
D:5:      layout_loops_ring, serial_shops, shop, nicolae_ru_sacrificial_ziggurat
D:6:      layout_basic, minmay_hedge_maze, uniq_menkaure
D:7:      minmay_polygon_palace, layout_rooms, minmay_misc_feat_hallway,
          xom_shifter_show
D:8:      layout_rooms, special_room [special_room_orc]
Temple:   kilobyte_greek_temple

Skill      XL: |  1  2  3  4  5  6  7  8  9 |
---------------+----------------------------+-----
Short Blades   | 2 3 4 |  4.0
Shields        | 1 2 3 |  3.5
Fighting       | 1 2 3 |  3.6
Dodging        | 3 4 |  4.5
Stealth        | 4 5 |  5.4
Spellcasting   | 3 4 |  4.3
Hexes          | 4 5 |  5.1
Armour         | 1 |  1.6

Action                   |  1- 3 |  4- 6 |  7- 9 || total
-------------------------+-------+-------+-------++-------
Melee: Dagger            |   143 |   300 |     9 ||   452
       Mace              |       |       |   232 ||   232
 Fire: Hunting sling     |       |       |     8 ||     8
 Cast: Corona            |     7 |     4 |       ||    11
       Ensorcelled Hiber |     6 |    35 |       ||    41
       Slow              |       |     1 |       ||     1
       Tukima's Dance    |       |     1 |       ||     1
       Confusing Touch   |       |       |     9 ||     9
  Use: Scroll            |     2 |     3 |     6 ||    11
       Potion            |       |       |     2 ||     2
 Stab: Sleeping          |     8 |    21 |     9 ||    38
       Distracted        |       |     1 |       ||     1
Armor: Robe              |    11 |       |       ||    11
       Leather armour    |    15 |    78 |    95 ||   188
Dodge: Dodged            |    76 |   132 |   229 ||   437
